 Dungeon Crawl Stone Soup version 0.32-a0-329-ge6c31236d6 (webtiles) character file.

Game seed: 8329748054862487849

106939 pokeman the Sorcerer (level 15, -1/86 HPs)
             Began as a Deep Elf Hedge Wizard on Feb 16, 2024.
             Was a High Priest of Vehumet.
             Slain by a polar bear (3 damage)
             ... on level 5 of the Lair of Beasts.
             The game lasted 01:29:07 (25729 turns).

pokeman the Sorcerer (Deep Elf Hedge Wizard)       Turns: 25729, Time: 01:29:07

Health: -1/86      AC: 16    Str:  7    XL:     15   Next: 99%
Magic:  52/63      EV: 12    Int: 38    God:    Vehumet [*****.]
Gold:   2220       SH: 11    Dex: 17    Spells: 37/60 levels left

rFire   + + +        V - +0 demon whip (venom)
rCold   . . .        t - +0 buckler
rNeg    . . .        G - +3 leather armour {rF+}
rPois   .            y - +3 hat of Pondering {ponderous, Will+ MP+10 Int+5}
rElec   .            H - +0 cloak
rCorr   .            n - +1 pair of gloves
SInv    .            l - +2 pair of boots "Menidghe" {^Contam Will++}
Will    +++++        c - amulet of Kodwode {Reflect rF+++ Will++ Dex-3 SH+5}
Stlth   ++           L - ring "Ehaibet" {MP+9 Dex+6}
HPRegen 0.34/turn    q - +6 ring of intelligence
MPRegen 0.38/turn

%: reflection
@: on blink cooldown, studying Shields, slow
A: no striking features
a: Renounce Religion


You were on level 5 of the Lair of Beasts.
You worshipped Vehumet.
Vehumet was extremely pleased with you.
You visited 3 branches of the dungeon, and saw 21 of its levels.
You visited 1 bazaar.
You also visited: Bailey and Gauntlet.

You collected 2240 gold pieces.
You spent 20 gold pieces at shops.

Inventory:

Hand Weapons
 V - a +0 demon whip of venom (weapon)
Missiles
 J - 6 curare-tipped darts
Armour
 g - a +0 helmet of intelligence
 l - the +2 pair of boots "Menidghe" (worn) {^Contam Will++}
   (You found it in a Gauntlet)

   Will++:    It greatly increases your willpower.
   ^Contam:   It causes magical contamination when unequipped.
 n - a +1 pair of gloves (worn)
 t - a +0 buckler (worn)
 y - the +3 hat of Pondering (worn) {ponderous, Will+ MP+10 Int+5}
   (You found it on level 4 of the Dungeon)

   Int+5:     It affects your intelligence (+5).
   Will+:     It increases your willpower.
   MP+10:     It affects your magic capacity (+10).
 B - a +0 scale mail of cold resistance
 G - a +3 leather armour of fire resistance (worn)
 H - a +0 cloak (worn)
Magical Staves
 i - the staff of Corpus Delicti {rN+ Str+3 Necro}
   (You found it in a Gauntlet)

   [staff of death]

   Base accuracy: +5 Base damage: 5 Base attack delay: 1.2 This weapon's minimum
   attack delay (0.6) is reached at skill level 12.
   Str+3:     It affects your strength (+3).
   rN+:       It protects you from negative energy.
   Necro:     It increases the power of your Necromancy spells.
   It falls into the 'Staves' category.
   It is a one-handed weapon.
Jewellery
 c - the amulet of Kodwode (around neck) {Reflect rF+++ Will++ Dex-3 SH+5}
   (You acquired it in the Ecumenical Temple)

   [amulet of reflection]

   Reflect:   It reflects blocked missile attacks.
   Dex-3:     It affects your dexterity (-3).
   rF+++:     It renders you almost immune to fire.
   Will++:    It greatly increases your willpower.
   SH+5:      It affects your SH (+5).
 h - the amulet "Gaug" {Faith rElec Will+ Int+2 Slay+2}
   (You found it in a Gauntlet)

   [amulet of faith]

   Faith:     It allows you to gain divine favour quickly.
   Int+2:     It affects your intelligence (+2).
   Slay+2:    It affects your accuracy & damage with ranged weapons and melee
   (+2).
   rElec:     It insulates you from electricity.
   Will+:     It increases your willpower.
 q - a +6 ring of intelligence (right hand)
 r - an amulet of reflection
 F - a +5 ring of evasion
 L - the ring "Ehaibet" (left hand) {MP+9 Dex+6}
   (You found it on level 8 of the Dungeon)

   [ring of magical power]

   Dex+6:     It affects your dexterity (+6).
   MP+9:      It affects your magic capacity (+9).
 O - a ring of magical power
Wands
 e - a wand of paralysis (12)
 u - a wand of acid (8)
 z - a wand of roots (9)
 W - a wand of mindburst (5)
 Z - a wand of flame (2)
Scrolls
 a - 7 scrolls of teleportation
 f - 2 scrolls of fear
 m - 2 scrolls of poison
 s - 2 scrolls of revelation
 C - a scroll of fog
 D - a scroll of enchant weapon
 E - a scroll of torment
 I - 3 scrolls of vulnerability
 P - 3 scrolls of blinking
 Q - 3 scrolls of enchant armour {unknown}
 S - a scroll of butterflies {unknown}
Potions
 d - 2 potions of magic
 j - 4 potions of heal wounds
 k - 8 potions of curing
 v - a potion of resistance
 x - 3 potions of attraction {unknown}
 A - 3 potions of might {unknown}
 K - 3 potions of brilliance {unknown}
 M - 6 potions of invisibility {unknown}
 N - 9 potions of haste
 R - 2 potions of ambrosia {unknown}
 T - 2 potions of mutation
 U - 3 potions of degeneration {unknown}
 X - a potion of lignification
Miscellaneous
 b - a box of beasts
 o - a lightning rod (4/4)
 p - a tin of tremorstones (2/2)
 w - a phial of floods
 Y - a phantom mirror


   Skills:
 + Level 7.3 Fighting
 - Level 7.0 Armour
 - Level 3.0 Dodging
 - Level 3.1 Stealth
 - Level 6.0 Shields
 * Level 23.3 Spellcasting
 + Level 14.3 Conjurations
 - Level 1.1 Summonings
 - Level 1.1 Translocations
 + Level 14.1 Fire Magic
 - Level 2.0 Ice Magic
 - Level 1.0 Air Magic
 - Level 1.0 Alchemy
 - Level 1.0 Evocations


You had 37 spell levels left.
You knew the following spells:

 Your Spells              Type           Power      Damage    Failure   Level
a - Magic Dart            Conj           100%       1d8       0%          1
b - Mephitic Cloud        Conj/Alch/Air  72%        N/A       1%          3
c - Call Imp              Summ           100%       N/A       1%          2
d - Blink                 Tloc           100%       N/A       1%          2
e - Foxfire               Conj/Fire      100%       2x1d9     0%          1
f - Flame Wave            Conj/Fire      100%       2d21      1%          4
g - Freezing Cloud        Conj/Ice/Air   36%        6-21      1%          5
h - Irradiate             Conj/Alch      40%        3d25      1%          5

Your spell library contained the following spells:

 Spells                   Type           Power      Damage    Failure   Level
 Starburst                Conj/Fire      50%        6d14      1%          6
 Scorch                   Fire           100%       2d9       0%          2
 Shock                    Conj/Air       100%       1d9       1%          1
 Slow                     Hex            100%       N/A       1%          1
 Sting                    Conj/Alch      100%       1d9       1%          1
 Cigotuvi's Dreadful Rot  Necr/Alch/Air  98%        N/A       1%          2
 Ensorcelled Hibernation  Hex/Ice        100%       N/A       1%          2
 Jinxbite                 Hex            88%        N/A       1%          2
 Lesser Beckoning         Tloc           100%       N/A       1%          2
 Mercury Vapours          Alch/Air       100%       N/A       1%          2
 Sublimation of Blood     Necr           44%        N/A       1%          2
 Gell's Gravitas          Tloc           51%        N/A       1%          3
 Teleport Other           Tloc           51%        N/A       1%          3
 Airstrike                Air            25%        2d(4-20)  1%          4
 Olgreb's Toxic Radiance  Alch           51%        N/A       1%          4
 Swiftness                Air            51%        N/A       2%          3
 Plasma Beam              Fire/Air       40%        2x1d54    2%          6
 Passwall                 Erth           44%        N/A       3%          3
 Yara's Violent Unravell  Hex/Alch       24%        3d11      7%          5
 Animate Dead             Necr           44%        N/A       11%         4
 Summon Cactus Giant      Summ           25%        N/A       71%         6
 Summon Hydra             Summ           25%        N/A       99%         7
 Enfeeble                 Hex            22%        N/A       100%        7
 Haunt                    Necr/Summ      24%        N/A       100%        7
 Infestation              Necr           22%        N/A       100%        8
 Chain Lightning          Conj/Air       40%        3d53      100%        9


Dungeon Overview and Level Annotations

Branches:
Dungeon (15/15)            Temple (1/1) D:7            Lair (5/5) D:9
 Shoals (0/4) Lair:2       Spider (0/4) Lair:2        Slime (0/5) Lair:4
    Orc (0/2) D:11         Vaults (0/5) D:14         Depths (0/4) D:15
 Bailey (visited)         Gauntlet (visited)

Altars:
Ashenzari
Cheibriados
Dithmenos
Elyvilon
Fedhas
Gozag
Hepliaklqana
Kikubaaqudgha
Makhleb
Nemelex Xobeh
Okawaru
Qazlal
Ru
Sif Muna
Trog
Uskayaw
Vehumet
Wu Jian
Xom
Yredelemnul
Zin
The Shining One
Jiyva
Lugonu

Shops:
D:8 [((   D:12 :

Portals:
Abyss: D:7
Trove: D:14 (give 10 potions of heal wounds)

Annotations:
D:7 3 runed translucent doors, zenocrate's ghost, novice KoDe
Lair:5 2 transporters, Livid's ghost, journeyman DgSh


Message History

The foxfire hits the polar bear but does no damage.
The polar bear is severely wounded.
The foxfire hits the polar bear but does no damage.
The polar bear is severely wounded.
The polar bear bites you but does no damage.
You block the polar bear's attack. The polar bear closely misses you.
Casting: Foxfire (safe; 0% risk of failure)
Confirm with . or Enter, or press ? or * to list all spells.
You conjure some foxfire!
Your foxfire is engulfed in freezing vapours.
The foxfire hits the polar bear!
The polar bear is severely wounded.
The polar bear closely misses you.
The polar bear claws you but does no damage.
You block the polar bear's attack. The polar bear bites you!
You block the polar bear's attack. The polar bear barely misses you.
You barely miss the polar bear.
The polar bear is severely wounded.
The foxfire hits the polar bear but does no damage.
The polar bear is severely wounded.
The foxfire hits the polar bear.
The polar bear is severely wounded.
The foxfire hits the polar bear but does no damage.
The polar bear is severely wounded.
The polar bear barely misses you.
The polar bear claws you but does no damage. x2
The polar bear bites you! You block the polar bear's attack. x2
Casting: Foxfire (safe; 0% risk of failure)
Confirm with . or Enter, or press ? or * to list all spells.
You blink.
You are engulfed in freezing vapours.
* * * LOW HITPOINT WARNING * * *
You block the polar bear's attack.
The polar bear claws you but does no damage.
You block the polar bear's attack.
The polar bear rages.
The polar bear is engulfed in freezing vapours.
The polar bear misses you.
The polar bear claws you but does no damage.
The polar bear claws you.
You die...

###P..÷... ##.÷...# ##
##÷...# ##.## ####..÷..
##..#.##########...#....
#$...#.##.#.#.#÷..÷.#...
.###!...#§#§..÷÷÷÷.....#..
........#§§†§†..÷#...####÷
.##....#§@h§#...#.#### ##
##.$####..####### #. ...#
#..# ## ..... #.... # ....
##.... # .... ##..... #
... ##.#. # ##


You could see a polar bear (berserk).

Vanquished Creatures
  A tengu reaver (D:15)
  A minotaur (Gauntlet)
  2 fire dragons
  A great orb of eyes (Gauntlet)
  8 vault guards (D:14)
  An ogre mage (D:13)
  Erolcha (D:12)
  A rakshasa (D:15)
  7 hydras
  4 centaur warriors
  An anaconda (Lair:5)
  6 boulder beetles
  2 two-headed ogres
  A hell hog (Lair:5)
  10 death yaks
  A deep troll earth mage (D:15)
  A vampire mage (D:13)
  3 skysharks
  Amaemon (D:11)
  2 arcanists
  A lindwurm (Lair:5)
  2 orc knights (D:15)
  2 deep elf zephyrmancers (D:13)
  4 deep elf pyromancers
  2 manticores
  23 ugly things
  8 cyclopes
  14 elephants
  5 black mambas
  Joseph (Lair:1)
  A gargoyle (D:14)
  A torpor snail (Lair:5)
  An orange demon (D:11)
  11 cane toads
  A freezing wraith (D:15)
  5 kobold demonologists
  7 komodo dragons
  6 rime drakes
  3 trolls
  2 hornets (Gauntlet)
  24 blink frogs
  9 polar bears
  2 raiju (Lair:5)
  5 dream sheep (Lair:5)
  17 slime creatures
  59 yaks
  2 culicivoras (Lair:2)
  A shadow (D:12)
  3 vampires
  3 wyverns
  6 basilisks
  4 wraiths (D:12)
  10 steam dragons
  3 wargs (Lair:5)
  15 vampire mosquitoes
  14 water moccasins
  12 hell hounds (Lair:5)
  2 ice beasts
  21 orc warriors
  4 laughing skulls (Gauntlet)
  A sky beast (D:6)
  17 black bears
  26 wolves
  2 ogres
  19 centaurs
  8 kobold brigands
  A weeping skull (Gauntlet)
  15 bullfrogs
  A gnoll sergeant (D:5)
  4 scorpions
  9 wights
  13 killer bees
  5 howler monkeys
  An electric eel (Lair:5)
  4 bombardier beetles
  4 hounds
  Crazy Yiuf (D:6)
  4 orc priests
  7 jellies
  6 iguanas
  3 sleepcaps
  8 orc wizards
  2 howler monkey zombies (D:7)
  4 adders
  10 gnolls
  2 shadow imps (D:8)
  A white imp (D:5)
  2 ufetubi (D:5)
  3 dart slugs
  2 ribbon worms (D:4)
  44 orcs
  12 endoplasms
  5 giant cockroaches
  10 goblins
  6 hobgoblins
  9 quokkas
  7 ball pythons
  8 bats
  A frilled lizard (D:2)
  40 kobolds
  5 rats
  A foxfire (D:13)
704 creatures vanquished.

Vanquished Creatures (collateral kills)
  An ugly thing (D:14)
  2 killer bees (D:9)
  A dart slug (D:4)
  A quokka (D:4)
5 creatures vanquished.

Vanquished Creatures (others)
  A gnoll (D:6)
  256 foxfires
257 creatures vanquished.

Grand Total: 966 creatures vanquished

Notes
Turn   | Place    | Note
-------+----------+-------------------------------------------
     0 | D:1      | pokeman the Deep Elf Hedge Wizard began the quest for the
                  | Orb.
     0 | D:1      | Reached XP level 1. HP: 10/10 MP: 7/7
   278 | D:1      | Reached XP level 2. HP: 9/16 MP: 3/9
   713 | D:1      | Reached skill level 5 in Spellcasting
   882 | D:1      | Reached XP level 3. HP: 20/20 MP: 6/11
   886 | D:1      | Learned a level 3 spell: Mephitic Cloud
   889 | D:1      | Learned a level 2 spell: Call Imp
   892 | D:1      | Learned a level 2 spell: Blink
  1398 | D:2      | Reached skill level 1 in Fighting
  1398 | D:2      | Reached skill level 1 in Armour
  1405 | D:2      | HP: 1/20 [poisoned by an adder]
  1628 | D:2      | Reached XP level 4. HP: 25/25 MP: 6/13
  2034 | D:2      | Learned a level 4 spell: Flame Wave
  2143 | D:2      | Reached skill level 6 in Spellcasting
  2169 | D:2      | Found a bloodstained altar of Trog.
  2169 | D:2      | Found a shimmering blue altar of Sif Muna.
  2169 | D:2      | Found a shimmering altar of Xom.
  2169 | D:2      | Found a shimmering altar of Xom.
  2169 | D:2      | Found an opulent altar of Gozag.
  2169 | D:2      | Found a bloodstained altar of Trog.
  2177 | D:2      | Reached XP level 5. HP: 15/29 MP: 11/15
  2987 | D:3      | Reached skill level 1 in Fire Magic
  2987 | D:3      | Reached skill level 1 in Air Magic
  2987 | D:3      | Reached skill level 1 in Alchemy
  3063 | D:3      | Reached XP level 6. HP: 34/34 MP: 14/17
  3069 | D:3      | Learned a level 5 spell: Freezing Cloud
  3394 | D:3      | Found a faded altar of an unknown god.
  3510 | D:3      | Reached skill level 7 in Spellcasting
  3650 | D:4      | Reached skill level 1 in Ice Magic
  3821 | D:4      | Reached XP level 7. HP: 19/39 MP: 11/20
  4338 | D:4      | Reached skill level 8 in Spellcasting
  4495 | D:4      | Found the +3 hat of Pondering {ponderous, Will+ MP+10
                  | Int+5}
  4785 | D:5      | Entered Level 5 of the Dungeon
  4985 | D:5      | Reached XP level 8. HP: 32/44 MP: 19/22
  5155 | D:5      | Reached skill level 1 in Evocations
  5263 | D:5      | Reached skill level 9 in Spellcasting
  5729 | D:6      | Reached skill level 5 in Conjurations
  5974 | D:6      | Reached skill level 10 in Spellcasting
  6243 | D:6      | Reached XP level 9. HP: 36/48 MP: 5/25
  6366 | D:6      | You fall into a shaft and drop 3 floors!
  6399 | D:9      | Found a shimmering altar of Xom.
  6517 | D:7      | Found a one-way gate to the infinite horrors of the Abyss.
  6536 | D:7      | Reached skill level 5 in Fire Magic
  6546 | D:7      | Found a flagged portal.
  6555 | Bailey   | Entered a bailey
  6599 | Bailey   | Reached skill level 11 in Spellcasting
  7214 | Bailey   | Reached skill level 12 in Spellcasting
  7411 | Bailey   | Reached XP level 10. HP: 55/56 MP: 15/28
  7796 | D:6      | Found a runed translucent door.
  7797 | D:6      | Noticed Crazy Yiuf
  7806 | D:6      | Killed Crazy Yiuf
  7865 | D:6      | Found a stormy altar of Qazlal.
  7866 | D:6      | Found a sparkling altar of Nemelex Xobeh.
  7868 | D:6      | Found a snail-covered altar of Cheibriados.
  7870 | D:6      | Identified the +6 arbalest of the Tent {freeze, *Corrode
                  | rElec Str+6}
  7875 | D:6      | Found a glowing silver altar of Zin.
  8027 | D:7      | Found a shadowy altar of Dithmenos.
  8028 | D:7      | Found a staircase to the Ecumenical Temple.
  8028 | D:7      | Found a radiant altar of Vehumet.
  8033 | D:7      | Found an iron altar of Okawaru.
  8034 | D:7      | Found a shimmering blue altar of Sif Muna.
  8035 | D:7      | Found a hazy altar of Hepliaklqana.
  8036 | D:7      | Found a blossoming altar of Fedhas.
  8036 | D:7      | Found a glowing golden altar of the Shining One.
  8040 | D:7      | Became a worshipper of Vehumet
  8260 | D:7      | Found a large runed translucent door.
  8260 | D:7      | Found a large runed translucent door.
  8266 | D:7      | Found a corrupted altar of Lugonu.
  8289 | D:7      | Reached skill level 13 in Spellcasting
  8360 | D:7      | Found a runed translucent gate.
  8360 | D:7      | Found a runed translucent gate.
  8360 | D:7      | Found a runed translucent gate.
  8360 | D:7      | Noticed zenocrate's ghost (novice KoDe)
  8362 | D:7      | Found a basalt altar of Yredelemnul.
  8418 | D:7      | Found a bloodstained altar of Trog.
  8746 | D:8      | Reached * piety under Vehumet
  8746 | D:8      | Offered knowledge of Foxfire by Vehumet.
  8753 | D:8      | Learned a level 1 spell: Foxfire
  8964 | D:8      | Identified the ring "Ehaibet" {MP+9 Dex+6}
  9160 | D:8      | Found Geteroilul's Antique Weapon Shop.
  9267 | D:8      | Found Mueza's Weapon Shop.
  9278 | D:8      | Found Yrawuig's Armour Shoppe.
  9428 | D:9      | Noticed a cane toad
  9430 | D:9      | Noticed a death yak
  9436 | D:9      | Killed a cane toad
  9575 | D:9      | Reached skill level 14 in Spellcasting
  9819 | D:9      | Killed a death yak
  9820 | D:9      | Reached XP level 11. HP: 50/61 MP: 28/31
  9876 | D:9      | Found a staircase to the Lair.
  9881 | D:9      | Noticed a two-headed ogre
  9889 | D:9      | Killed a two-headed ogre
 10035 | D:9      | Offered knowledge of Static Discharge by Vehumet.
 10043 | D:9      | Reached ** piety under Vehumet
 10045 | D:9      | Reached skill level 15 in Spellcasting
 10471 | D:10     | Entered Level 10 of the Dungeon
 10590 | D:10     | Reached skill level 5 in Armour
 10604 | D:10     | Offered knowledge of Volatile Blastmotes by Vehumet.
 10793 | D:10     | Reached *** piety under Vehumet
 11395 | D:11     | Offered knowledge of Sticky Flame by Vehumet.
 11542 | D:11     | Reached skill level 16 in Spellcasting
 11635 | D:11     | Noticed Amaemon
 11641 | D:11     | Killed Amaemon
 11742 | D:11     | Noticed a two-headed ogre
 11746 | D:11     | Killed a two-headed ogre
 11854 | D:11     | Found a staircase to the Orcish Mines.
 12172 | D:12     | Reached XP level 12. HP: 51/68 MP: 34/34
 12238 | D:12     | Reached skill level 5 in Fighting
 12396 | D:12     | Reached skill level 1 in Shields
 12562 | D:12     | Reached **** piety under Vehumet
 12569 | D:12     | Reached skill level 10 in Conjurations
 12643 | D:12     | Offered knowledge of Irradiate by Vehumet.
 12644 | D:12     | Reached skill level 17 in Spellcasting
 12650 | D:12     | Learned a level 5 spell: Irradiate
 12667 | D:12     | Noticed Erolcha
 12676 | D:12     | Killed Erolcha
 12769 | D:12     | Noticed a boulder beetle
 12785 | D:12     | Killed a boulder beetle
 12830 | D:12     | Found Wunucs's Book Boutique.
 12939 | D:12     | Noticed a boulder beetle
 12941 | D:12     | Noticed a centaur warrior
 12966 | D:12     | Killed a centaur warrior
 12967 | D:12     | Reached skill level 10 in Fire Magic
 12967 | D:12     | Killed a boulder beetle
 13562 | D:13     | Noticed a four-headed hydra
 13577 | D:13     | Killed a four-headed hydra
 13665 | D:13     | Noticed a centaur warrior
 13673 | D:13     | Killed a centaur warrior
 13674 | D:13     | Reached skill level 18 in Spellcasting
 13928 | D:13     | Reached skill level 5 in Shields
 14030 | D:13     | Noticed an ogre mage
 14038 | D:13     | Killed an ogre mage
 14039 | D:13     | Reached XP level 13. HP: 52/72 MP: 37/37
 14248 | D:13     | Found the +12 glaive of Prune {freeze, Prune}
 14382 | D:13     | Reached ***** piety under Vehumet
 14745 | D:13     | Offered knowledge of Ignite Poison by Vehumet.
 15169 | D:14     | Reached skill level 19 in Spellcasting
 15373 | D:14     | Found a gate to the Vaults.
 15682 | D:14     | Found a portal to a secret trove of treasure.
 16125 | D:14     | Found a snail-covered altar of Cheibriados.
 16496 | D:15     | Entered Level 15 of the Dungeon
 16554 | D:15     | Reached skill level 20 in Spellcasting
 16589 | D:15     | Found a flickering gateway to a bazaar.
 16601 | Bazaar   | Entered a bazaar
 16621 | Bazaar   | Found Odeini's Weapon Shoppe.
 16636 | Bazaar   | Found Sadducoq's Weapon Emporium.
 16688 | Bazaar   | Found Dibbiur's Antique Weapon Emporium.
 16716 | Bazaar   | Found Dogann's Jewellery Emporium.
 16736 | Bazaar   | Found Tona's General Store.
 16741 | Bazaar   | Bought a scroll of identify for 20 gold pieces
 16907 | D:15     | Reached XP level 14. HP: 78/78 MP: 40/40
 17568 | D:15     | Noticed a tengu reaver
 17585 | D:15     | Killed a tengu reaver
 18008 | D:15     | Found a staircase to the Depths.
 18669 | Temple   | Entered the Ecumenical Temple
 18707 | Temple   | Acquired 808 gold pieces
 18708 | Temple   | Acquired the amulet of Kodwode {Reflect rF+++ Will++ Dex-3
                  | SH+5}
 18773 | Lair:1   | Entered Level 1 of the Lair of Beasts
 18810 | Lair:1   | Found a gate leading to a gauntlet.
 18821 | Gauntlet | Entered a Gauntlet
 18821 | Gauntlet | Found a transporter.
 18821 | Gauntlet | Found a transporter.
 18821 | Gauntlet | Found a runed translucent door.
 18821 | Gauntlet | Found a runed translucent door.
 18838 | Gauntlet | Found a transporter.
 18852 | Gauntlet | Found a transporter.
 18852 | Gauntlet | Found a transporter.
 18854 | Gauntlet | Found a transporter.
 18855 | Gauntlet | Found a transporter.
 18855 | Gauntlet | Found a transporter.
 18870 | Gauntlet | Found a transporter.
 18886 | Gauntlet | Found a transporter.
 18896 | Gauntlet | Found a transporter.
 18896 | Gauntlet | Noticed a reaper
 18900 | Gauntlet | Found a transporter.
 18946 | Gauntlet | Found a transporter.
 18961 | Gauntlet | Found a transporter.
 19019 | Gauntlet | Reached skill level 21 in Spellcasting
 19180 | Gauntlet | Identified the amulet "Gaug" {Faith rElec Will+ Int+2
                  | Slay+2}
 19182 | Gauntlet | Identified the staff of Corpus Delicti {rN+ Str+3 Necro}
 19304 | Gauntlet | Identified the +2 pair of boots "Menidghe" {^Contam Will++}
 19530 | Gauntlet | Got Gerip's Elucidation of Clouds
 19761 | Lair:1   | Noticed Joseph
 19766 | Lair:1   | Killed Joseph
 20552 | Lair:2   | Offered knowledge of Fireball by Vehumet.
 20559 | Lair:2   | Found a staircase to the Shoals.
 21383 | Lair:2   | Found a hole to the Spider Nest.
 21647 | Lair:3   | Reached XP level 15. HP: 85/85 MP: 42/42
 22200 | Lair:3   | Reached skill level 22 in Spellcasting
 22422 | Lair:3   | Identified the +7 dire flail of the Thing {distort, rC++
                  | SInv}
 22948 | Lair:4   | You fall into a shaft and drop 1 floor!
 22948 | Lair:5   | Entered Level 5 of the Lair of Beasts
 23045 | Lair:5   | HP: 3/86 [death yak (21)]
 23942 | Lair:4   | Found a viscous altar of Jiyva.
 23942 | Lair:4   | Found a staircase to the Slime Pits.
 24417 | Lair:5   | Reached skill level 23 in Spellcasting
 24434 | Lair:5   | Noticed Livid's ghost (journeyman DgSh)
 24699 | Lair:5   | Found a transporter.
 24738 | Lair:5   | Found a transporter.
 24817 | Lair:5   | Offered knowledge of Starburst by Vehumet.
 25728 | Lair:5   | HP: 1/86 [cloud of freezing vapour (29)]
 25729 | Lair:5   | Slain by a polar bear

Illustrated notes

Levels and vault maps discovered:
D:1:      elethiomel_arrival_maze, layout_basic, chequers_serial_rivers_room_b
D:2:      cheibrodos_fertilizer, layout_basic, corexii_leaking_fountain
D:3:      layout_basic, ebering_ecumenical_altar_mist
D:4:      minmay_octagon_keep, layout_rooms, minmay_starry_boxes
D:5:      layout_rooms, kennysheep_another_room, grunt_decor_cap,
          nicolae_grassy_gnolls
D:6:      layout_basic, nicolae_overflow_macrodata_refinement,
          uniq_crazy_yiuf_cottage
D:7:      due_chaos_kobolds, layout_rooms, grunt_temple_overflow_open,
          mainiacjoe_overflow_brackets, nicolae_yredelemnul_ghost_church,
          minmay_temple_entry_proselytizer, enter_bailey_8
D:8:      layout_gridville, serial_shops, shop, shop, shop, dk_vineyard_1,
          minmay_tree_intersection
D:9:      layout_roguey, xom_butterflies, dpeg_lair_monsters
D:10:     layout_irregular_city
D:11:     layout_irregular_city, orc_0_dummy, uniq_amaemon
D:12:     layout_roguey, serial_shops, nicolae_shop_just_a_little_nook,
          kennysheep_kite_vault, uniq_erolcha
D:13:     layout_basic, minmay_guarded_unrand_prune
D:14:     layout_roguey, erik_vaults_2, serial_bayou_shore_b,
          trove_entry_hex_spiral, kennysheep_slug_shrine
D:15:     hellmonk_depths_entry_around_the_bend, layout_cave_pools,
          serial_shops, bzr_firewalk, amcnicky_mini_rare_corridor_liquid,
          kennysheep_two_boxes
Temple:   corrupted_temple
Lair:1:   layout_regular_city, gauntlet_entry_generic, grunt_megastairs_4,
          uniq_joseph
Lair:2:   layout_loops_ring, minmay_shoals_entry_centaurs,
          hellmonk_spider_entry_life_and_decay
Lair:3:   layout_cave_pods, beast_lair_carwin_2, lemuel_fruit_tree
Lair:4:   layout_roguey, dpeg_slime_entry_enclosed
Lair:5:   hangedman_lair_caniforms_friends, layout_small_grid,
          gammafunk_ghost_abyssal_escape, bobbens_dragon_lair_wall,
          infiniplex_staircase_pool

Skill      XL: |  1  2  3  4  5  6  7  8  9 10 11 12 13 14 15 |
---------------+----------------------------------------------+-----
Spellcasting   | 5 6 7 8 10 12 14 16 18 20 21 23 | 23.3
Fighting       | 1 2 3 4 5 6 7 |  7.3
Armour         | 1 3 4 5 6 7 |  7.0
Conjurations   | 2 3 4 5 6 8 9 10 12 13 14 | 14.3
Dodging        | 3 |  3.0
Stealth        | 3 |  3.1
Fire Magic     | 1 2 3 4 6 7 9 10 11 13 14 | 14.1
Air Magic      | 1 |  1.0
Alchemy        | 1 |  1.0
Ice Magic      | 1 2 |  2.0
Evocations     | 1 |  1.0
Shields        | 5 6 |  6.0
Summonings     | |  1.1
Translocations | |  1.1

Action                     |  1- 3 |  4- 6 |  7- 9 | 10-12 | 13-15 || total
---------------------------+-------+-------+-------+-------+-------++-------
  Melee: Whip              |     7 |    10 |       |       |       ||    17
         Short sword       |       |    19 |       |       |       ||    19
         Demon trident     |       |       |   124 |     8 |       ||   132
         Demon whip        |       |       |       |    17 |   250 ||   267
   Fire: Arbalest          |       |       |       |   209 |       ||   209
   Cast: Magic Dart        |    63 |   128 |   165 |    21 |    17 ||   394
         Mephitic Cloud    |       |     4 |    41 |    45 |    25 ||   115
         Blink             |       |     3 |       |     4 |     4 ||    11
         Call Imp          |       |     3 |       |       |     4 ||     7
         Flame Wave        |       |       |     5 |    33 |     8 ||    46
         Foxfire           |       |       |       |    83 |    83 ||   166
         Freezing Cloud    |       |       |       |    31 |   222 ||   253
         Irradiate         |       |       |       |     1 |    20 ||    21
  Evoke: Wand              |       |       |       |       |     3 ||     3
         Phial of floods   |       |       |       |       |     1 ||     1
         Tin of tremorston |       |       |       |       |     1 ||     1
    Use: Potion            |       |     2 |       |       |     2 ||     4
         Scroll            |       |       |       |    11 |    11 ||    22
   Stab: Confused          |       |       |    14 |     4 |    13 ||    31
         Sleeping          |       |       |     3 |       |       ||     3
         Distracted        |       |       |     1 |       |       ||     1
 Armour: Robe              |    13 |    31 |    52 |       |       ||    96
         Skin              |       |     5 |       |       |       ||     5
         Steam dragon scal |       |       |    25 |   110 |    39 ||   174
         Leather armour    |       |       |       |       |   203 ||   203
  Dodge: Dodged            |    10 |    33 |    68 |   107 |   133 ||   351
  Block: Buckler           |       |       |       |       |   113 ||   113
         Reflection        |       |       |       |       |     4 ||     4

Table legend: (Time is in decaauts)
 A = Elapsed time spent in this place.
 B = Non-inter-level travel time spent in this place.
 C = Inter-level travel time spent in this place.
 D = Time resting spent in this place.
 E = Time spent auto-exploring this place.
 F = Levels seen in this place.
 G = Mean time per level.
                   A        B        C        D        E       F      G
               +--------+--------+--------+--------+--------+-----+--------+
         Total |  26436 |  25593 |    843 |   1851 |  18774 |  24 | 1101.5 |
       Dungeon |  17510 |  16739 |    771 |   1155 |  12778 |  15 | 1167.3 |
        Temple |     49 |     47 |      2 |      0 |      0 |   1 |   49.0 |
          Lair |   6617 |   6548 |     69 |    495 |   4979 |   5 | 1323.4 |
        Bazaar |    268 |    268 |      0 |      0 |    167 |   1 |  268.0 |
        Bailey |   1215 |   1215 |      0 |     27 |    758 |   1 | 1215.0 |
      Gauntlet |    773 |    773 |      0 |    174 |     91 |   1 |  773.0 |
               +--------+--------+--------+--------+--------+-----+--------+

Top non-repeatable levels by time:
  Lair:5: 1897 daAuts
    D:14: 1643 daAuts
     D:2: 1604 daAuts
    D:13: 1570 daAuts
    D:15: 1549 daAuts
    D:12: 1452 daAuts
  Lair:3: 1354 daAuts
     D:1: 1294 daAuts
  Lair:2: 1269 daAuts
  Bailey: 1215 daAuts
  Lair:4: 1137 daAuts
     D:9: 1108 daAuts
     D:6: 1100 daAuts
     D:4: 1022 daAuts
     D:8: 1016 daAuts
